 Dungeon Crawl Stone Soup version 0.30.1-11-g7821555f0a (webtiles) character file.

Game seed: 15961211009446847992

7647 Qrupt the Arsonist (level 10, -4/87 (88) HPs)
             Began as a Yellow Draconian Fire Elementalist on Oct 31, 2023.
             Was a Priest of Sif Muna.
             Slain by a troll (15 damage)
             ... on level 8 of the Dungeon.
             The game lasted 00:31:54 (9833 turns).

Qrupt the Arsonist (DrFE)                           Turns: 9833, Time: 00:31:55

HP:   -4/87 (88)    AC: 10    Str: 10    XL:     10   Next: 99%
MP:   20/29         EV: 14    Int: 20    God:    Sif Muna [***...]
Gold: 327           SH:  0    Dex: 12    Spells: 14/23 levels left

rFire   + . .        w - +2 battleaxe (spect)
rCold   x . .        (shield currently unavailable)
rNeg    . . .        (body armour unavailable)
rPois   +            O - +0 hat
rElec   +            A - +2 cloak
rCorr   +            (no gloves)
SInv    .            (no boots)
Will    .....        (no amulet)
Stlth   ++           p - ring of magical power
HPRegen 0.34/turn    m - ring of Zidet {Fire rElec rPois}
MPRegen 0.21/turn

%: no passive effects
@: lightly drained
A: spit acid, AC +7, unfitting armour, cold-blooded, acid resistance
a: Breathe Acid, Renounce Religion, Channel Magic, Forget Spell


You were on level 8 of the Dungeon.
You worshipped Sif Muna.
Sif Muna was most pleased with you.
You visited 2 branches of the dungeon, and saw 10 of its levels.

You collected 447 gold pieces.
You spent 120 gold pieces at shops.

Inventory:

Hand Weapons
 w - a +2 spectral battleaxe (weapon)
 J - a +2 war axe of flaming
Armour
 A - a +2 cloak (worn)
 O - a +0 hat (worn)
Magical Staves
 j - a staff of air
Jewellery
 b - a ring of flight
 e - an amulet of magic regeneration
 m - the ring of Zidet (right hand) {Fire rElec rPois}
   (You took it off a goblin on level 2 of the Dungeon)

   [ring of fire]

   It enhances your fire magic.
   rF:        It protects you from fire.
   rC:        It makes you vulnerable to cold.
   rElec:     It insulates you from electricity.
   rPois:     It protects you from poison.
 p - a ring of magical power (left hand)
 x - a +6 ring of strength
 y - a ring of wizardry
 L - an amulet of faith
Wands
 r - a wand of mindburst (15)
 v - a wand of paralysis (13)
 B - a wand of iceblast (6)
 M - a wand of digging (3)
Scrolls
 c - a scroll of magic mapping {unknown}
 f - 2 scrolls of fog {unknown}
 i - 2 scrolls of brand weapon
 k - 2 scrolls of immolation {unknown}
 l - 5 scrolls of teleportation
 o - 3 scrolls of fear {unknown}
 s - a scroll of enchant weapon {unknown}
 t - a scroll of torment {unknown}
 u - 2 scrolls of poison {unknown}
 E - 2 scrolls of noise {unknown}
 I - a scroll of blinking {unknown}
 N - a scroll of silence {unknown}
Potions
 a - a potion of magic
 d - 2 potions of might
 g - 5 potions of brilliance
 h - 2 potions of haste
 n - a potion of berserk rage
 q - 2 potions of ambrosia {unknown}
 z - a potion of curing
 C - a potion of lignification {unknown}
 D - a potion of degeneration {unknown}
 F - a potion of resistance {unknown}
 G - 2 potions of attraction {unknown}
 H - 2 potions of heal wounds
 K - a potion of flight {unknown}


   Skills:
 + Level 8.1 Fighting
 + Level 7.0 Dodging
 - Level 1.7 Stealth
 + Level 7.1 Spellcasting
 + Level 7.4 Conjurations
 - Level 3.0 Translocations
 + Level 8.1 Fire Magic


You had 14 spell levels left.
You knew the following spells:

 Your Spells              Type           Power      Damage    Failure   Level
a - Foxfire               Conj/Fire      100%       2x1d9     1%          1
b - Scorch                Fire           100%       2d9       1%          2
c - Flame Wave            Conj/Fire      55%        2d13      3%          4
d - Blink                 Tloc           38%        N/A       4%          2

Your spell library contained the following spells:

 Spells                   Type           Power      Damage    Failure   Level
 Magic Dart               Conj           100%       1d8       1%          1
 Volatile Blastmotes      Fire/Tloc      88%        2d17      2%          3
 Inner Flame              Hex/Fire       35%        N/A       5%          3
 Hailstorm                Conj/Ice       22%        3d7       6%          3
 Freeze                   Ice            28%        1d5       10%         1
 Mephitic Cloud           Conj/Pois/Air  17%        N/A       10%         3
 Call Imp                 Summ           14%        N/A       14%         2
 Manifold Assault         Tloc           19%        N/A       26%         4
 Frozen Ramparts          Ice            14%        1d3       28%         3
 Summon Cactus Giant      Summ           3%         N/A       100%        6
 Storm Form               Tmut/Air       3%         N/A       100%        7


Dungeon Overview and Level Annotations

Branches:
Dungeon (9/15)             Temple (1/1) D:4             Orc (0/2) D:9
   Lair: D:8-11

Altars:
Ashenzari
Cheibriados
Dithmenos
Elyvilon
Fedhas
Gozag
Hepliaklqana
Kikubaaqudgha
Makhleb
Nemelex Xobeh
Okawaru
Qazlal
Ru
Sif Muna
Uskayaw
Vehumet
Wu Jian
Xom
Yredelemnul
Zin
The Shining One

Shops:
D:5 =   D:7 [::**


Innate Abilities, Weirdness & Mutations

You can spit globs of acid.
Your golden yellow scales are hard. (AC +7)
You cannot fit into any form of body armour.
You are cold-blooded and may be slowed by cold attacks.
You are resistant to acid. (rCorr)


Message History

Confirm with . or Enter, or press ? or * to list all spells.
You feel a surge of power!
You conjure some foxfire!
The troll is no longer more vulnerable to fire.
The troll misses you. The troll claws you. The troll barely misses you.
The foxfire hits the troll.
The troll is severely wounded.
The foxfire hits the troll.
The troll is severely wounded.
The troll bites you! The troll closely misses you. The troll misses you.
Casting: Foxfire (safe; 1% risk of failure)
Confirm with . or Enter, or press ? or * to list all spells.
You feel a surge of power!
Flames lash the troll.
The troll is almost dead.
The troll's fire resistance burns away.
The troll bites you but does no damage. The troll claws you but does no damage.
The troll barely misses you.
Casting: Scorch (safe; 1% risk of failure)
Confirm with . or Enter, or press ? or * to list all spells.
You feel a surge of power!
You conjure some foxfire!
The troll misses you. The troll claws you but does no damage.
The troll claws you!
The foxfire hits the troll.
The troll is burned terribly!
The troll is almost dead.
The foxfire hits the troll but does no damage.
The troll is almost dead.
The troll misses you. The troll claws you.
* * * LOW HITPOINT WARNING * * *
The troll claws you but does no damage.
Casting: Foxfire (safe; 1% risk of failure)
Confirm with . or Enter, or press ? or * to list all spells.
You feel a surge of power!
You conjure some foxfire!
The troll bites you.
* * * LOW HITPOINT WARNING * * *
The troll claws you.
* * * LOW HITPOINT WARNING * * *
The troll claws you!
* * * LOW HITPOINT WARNING * * *
The foxfire hits the troll but does no damage.
The troll is almost dead.
The foxfire hits the troll.
The troll is almost dead.
The troll bites you!
You die...

######.####.............##
#...<..## #.....#...8....#
#.###...# ###.#..........# #
#.##....# #............# #
#.##....# ###.#........###
#.##.#.########.##.#.....##.
#............##.......#####.
##.#.#...........#.#####....
#######.#....[..@.....#.#
##.#..
........###..#).T.....#.#
#.....
#.#####.###..#.......>..#
#.##.. #.#
#......)...)....### #.##.~
#.#####.###.###.<.....#
#....~ #.##....#
#...........# #....~
..##.#### #######...###
#..#.~ ####.#####
#...########....~ ##.......#
#.........###...~


You could see a troll (combustible).

Vanquished Creatures
  Erica (D:8)
  2 two-headed ogres (D:8)
  Maggie (D:8)
  2 polar bears (D:8)
  4 yaks
  3 steam dragons
  2 water moccasins (D:7)
  2 ice beasts
  2 black bears
  2 orc warriors (D:9)
  A sky beast (D:7)
  A wolf (D:8)
  3 centaurs
  2 phantoms
  A kobold brigand (D:9)
  4 bullfrogs
  4 scorpions
  Blork the orc (D:5)
  3 gnoll sergeants
  14 wights
  7 killer bees (D:7)
  3 electric eels (D:8)
  5 hounds
  2 jellies (D:6)
  2 orc priests
  2 iguanas (D:6)
  A sleepcap (D:6)
  5 orc wizards
  Robin (D:4)
  11 gnolls
  15 adders
  A shadow imp (D:7)
  2 white imps
  A howler monkey simulacrum (D:8)
  3 ufetubi
  3 worms
  2 dart slugs
  19 orcs
  7 endoplasms
  4 giant cockroaches
  11 goblins
  10 hobgoblins
  7 jackals
  4 kobolds
  3 quokkas
  11 ball pythons
  4 bats
  3 frilled lizards (D:2)
  6 rats
210 creatures vanquished.

Vanquished Creatures (collateral kills)
  2 killer bees (D:7)
2 creatures vanquished.

Vanquished Creatures (others)
  642 foxfires
642 creatures vanquished.

Grand Total: 854 creatures vanquished

Notes
Turn   | Place    | Note
-------+----------+-------------------------------------------
     0 | D:1      | Qrupt the Draconian Fire Elementalist began the quest for
                  | the Orb.
     0 | D:1      | Reached XP level 1. HP: 14/14 MP: 3/3
   140 | D:1      | Reached XP level 2. HP: 22/22 MP: 3/5
   388 | D:1      | Reached skill level 1 in Fighting
   776 | D:1      | Learned a level 2 spell: Scorch
   780 | D:2      | Reached XP level 3. HP: 28/28 MP: 4/6
   781 | D:2      | Identified the ring of Zidet {Fire rElec rPois}
  1311 | D:2      | Reached XP level 4. HP: 35/35 MP: 7/7
  1415 | D:2      | Noticed a scorpion
  1435 | D:2      | Killed a scorpion
  1436 | D:2      | Reached XP level 5. HP: 31/41 MP: 6/9
  2420 | D:4      | Reached XP level 6. HP: 23/50 MP: 10/10
  2567 | D:4      | Noticed Robin
  2586 | D:4      | Killed Robin
  2757 | D:4      | Found a staircase to the Ecumenical Temple.
  2772 | Temple   | Entered the Ecumenical Temple
  2838 | Temple   | Became a worshipper of Sif Muna the Loreminder
  3368 | D:5      | Entered Level 5 of the Dungeon
  3376 | D:5      | Noticed Blork the orc
  3383 | D:5      | Killed Blork the orc
  3384 | D:5      | Your scales start taking on a golden yellow colour.
  3384 | D:5      | Reached XP level 7. HP: 57/57 MP: 12/12
  3384 | D:5      | Gained mutation: You are resistant to acid. (rCorr) [Yellow
                  | Draconian growth]
  3454 | D:5      | Found Gedear's Jewellery Boutique.
  3518 | D:5      | Found an ornate altar of the Wu Jian Council.
  3857 | D:5      | Reached skill level 5 in Fire Magic
  4150 | D:5      | Reached * piety under Sif Muna
  4226 | D:5      | Reached XP level 8. HP: 34/66 MP: 11/14
  4628 | D:5      | Identified the +1 helmet of the Skies Above {rElec rF++}
  5094 | D:6      | Reached skill level 5 in Fighting
  5258 | D:6      | Found a broken altar of Ashenzari.
  5767 | D:7      | Reached skill level 5 in Conjurations
  5791 | D:7      | Found Zifogoa's Book Emporium.
  5825 | D:7      | Reached skill level 5 in Dodging
  5825 | D:7      | Reached skill level 5 in Spellcasting
  5955 | D:7      | Learned a level 4 spell: Flame Wave
  5958 | D:7      | Learned a level 2 spell: Blink
  5973 | D:7      | Found Vodusili's Tremendous Tomes.
  6014 | D:7      | Reached XP level 9. HP: 11/74 MP: 13/16
  6027 | D:7      | Reached skill level 1 in Translocations
  6029 | D:7      | HP: 1/74 [phantom (6)]
  6037 | D:7      | Reached ** piety under Sif Muna
  6377 | D:7      | Found Deme's Assorted Antiques.
  6673 | D:7      | Found Hyilydgh's General Store.
  6681 | D:7      | Bought 2 potions of heal wounds for 120 gold pieces
  6881 | D:7      | Found Vuzeam's Armour Emporium.
  7425 | D:8      | Noticed Maggie
  7440 | D:8      | Killed Maggie
  7688 | D:8      | Found a hide-covered altar of Uskayaw.
  7690 | D:8      | Noticed a two-headed ogre
  7712 | D:8      | Killed a two-headed ogre
  7713 | D:8      | Reached XP level 10. HP: 33/84 MP: 11/19
  8067 | D:8      | Noticed a two-headed ogre
  8076 | D:8      | Killed a two-headed ogre
  8079 | D:8      | Noticed Erica
  8333 | D:8      | Killed Erica
  8477 | D:8      | Reached *** piety under Sif Muna
  9272 | D:9      | Found an iron altar of Okawaru.
  9274 | D:9      | Found a white marble altar of Elyvilon.
  9584 | D:9      | Found a staircase to the Orcish Mines.
  9833 | D:8      | Slain by a troll

Illustrated notes

Levels and vault maps discovered:
D:1:      tarquinn_simple_flora_water_b, layout_rooms
D:2:      layout_rooms, minmay_nonomino_d4
D:3:      layout_basic, dreamdust_wishing_well
D:4:      black_bear_nest_2, layout_rooms, uniq_robin
D:5:      nicolae_cairo_tiling_large, layout_loops_ring, old_standard_altar,
          serial_shops, shop, minmay_pentangle, uniq_blork_the_orc
D:6:      layout_loops_ring, kennysheep_mini
D:7:      layout_loops_ring, serial_shops, nicolae_stop_n_shop_2,
          nicolae_book_shop_shelving, nicolae_square_shop, shop,
          nicolae_shop_i_like_big_books, chequers_serial_rivers_large_a,
          feat_on_display
D:8:      layout_loops_cross, marbit_many_paths, serial_ice, serial_ice_i,
          serial_ice_m, serial_ice_h, serial_ice_a, st_stairs_5, uniq_erica,
          uniq_maggie
D:9:      layout_basic, nicolae_overflow_hidden_temple,
          mainiacjoe_overflow_catwalk_spiral, lair_entry_dummy,
          kennysheep_orc_monster_closet_entryway
Temple:   nicolae_temple_x_marks_the_god

Skill      XL: |  1  2  3  4  5  6  7  8  9 10 |
---------------+-------------------------------+-----
Dodging        | 2 3 4 5 6 7 |  7.0
Fighting       | 1 2 3 4 5 6 8 |  8.1
Conjurations   | 2 3 4 5 6 7 |  7.4
Fire Magic     | 4 5 6 7 8 |  8.1
Spellcasting   | 3 4 5 6 7 |  7.1
Translocations | 3 |  3.0
Stealth        | |  1.7

Action                     |  1- 3 |  4- 6 |  7- 9 | 10-12 || total
---------------------------+-------+-------+-------+-------++-------
  Melee: Dagger            |    33 |    30 |       |       ||    63
         Tailslap          |     5 |     5 |     6 |     3 ||    19
         Punch             |     1 |       |       |       ||     1
         Battleaxe         |       |       |    53 |    13 ||    66
   Cast: Foxfire           |    46 |    75 |   148 |   106 ||   375
         Scorch            |     2 |    13 |    33 |    21 ||    69
         Flame Wave        |       |       |     4 |    18 ||    22
         Blink             |       |       |     2 |     5 ||     7
  Evoke: Wand              |       |       |     3 |       ||     3
    Use: Scroll            |       |     4 |     6 |     2 ||    12
         Potion            |       |       |     3 |     1 ||     4
   Stab: Sleeping          |       |     2 |       |       ||     2
 Armour: Skin              |    19 |    41 |    86 |    40 ||   186
  Dodge: Dodged            |    30 |    58 |   199 |   116 ||   403
